 Dungeon Crawl Stone Soup version 0.30.1-3-gfc49f6343a (webtiles) character file.

Game seed: 2196408470530936882

1464 jtron the Thaumaturge (level 8, -9/54 HPs)
             Began as a Mummy Necromancer on Aug 7, 2023.
             Mangled by Duvessa
             ... wielding a +0 short sword
              (17 damage)
             ... on level 5 of the Dungeon.
             The game lasted 00:22:08 (6733 turns).

jtron the Thaumaturge (Mummy Necromancer)           Turns: 6733, Time: 00:22:10

Health: -9/54      AC:  3    Str: 11    XL:     8   Next: 48%
Magic:  17/20      EV: 12    Int: 17    God:
Gold:   400        SH:  0    Dex: 12    Spells: 7/23 levels left

rFire   x . .        a - +1 dagger (flame)
rCold   + . .        (no shield)
rNeg    + + +        f - +0 robe
rPois   ∞            (no helmet)
rElec   +            n - +0 cloak
rCorr   .            (no gloves)
SInv    .            (no boots)
Will    +....        e - amulet of the Ten Thickets {rElec Regen+}
Stlth   ++           (no ring)
HPRegen 1.09/turn    (no ring)
MPRegen 0.17/turn

%: faith
@: no status effects
A: cold resistance 1, negative energy resistance 3, torment resistance 2, heat
vulnerability 1, in touch with death 1, no potions, faith
a: no special abilities


You were on level 5 of the Dungeon.
You visited 1 branch of the dungeon, and saw 6 of its levels.
You also visited: Sewer.

You collected 400 gold pieces.

Inventory:

Hand Weapons
 a - a +1 dagger of flaming (weapon)
 d - a +0 short sword
Missiles
 c - 50 stones
 k - 2 curare-tipped darts
 l - 12 poisoned darts (quivered)
 u - 6 silver boomerangs
 v - 6 boomerangs
Armour
 f - a +0 robe (worn)
 n - a +0 cloak (worn)
Magical Staves
 j - a staff of poison
Jewellery
 e - the amulet of the Ten Thickets (around neck) {rElec Regen+}
   (You acquired it on level 3 of the Dungeon)

   [amulet of regeneration]

   rElec:     It insulates you from electricity.
   Regen:     It increases your rate of health regeneration.
 m - an amulet of reflection
Wands
 g - a wand of paralysis (7)
 h - a wand of flame (22)
 q - a wand of mindburst (14)
 r - a wand of roots (8)
 s - a wand of digging (6)
 t - a wand of polymorph (12)
Scrolls
 b - 6 scrolls of teleportation
 i - 2 scrolls of blinking
 p - a scroll of torment {unknown}
 w - a scroll of noise {unknown}


   Skills:
 + Level 1.2 Fighting
 - Level 1.0 Short Blades
 + Level 0.9 Throwing
 + Level 2.3 Dodging
 + Level 2.8 Stealth
 + Level 8.4 Spellcasting
 * Level 1.3 Summonings
 + Level 7.5 Necromancy
 * Level 1.2 Evocations


You had 7 spell levels left.
You knew the following spells:

 Your Spells              Type           Power      Damage    Failure   Level
a - Necrotise             Necr           100%       1d9       1%          1
b - Vampiric Draining     Necr           49%        2d9       1%          3
c - Agony                 Necr           49%        N/A       12%         5
d - Haunt                 Necr/Summ      16%        N/A       100%        7

Your spell library contained the following spells:

 Spells                   Type           Power      Damage    Failure   Level
 Animate Dead             Necr           49%        N/A       4%          4
 Infestation              Necr           24%        N/A       100%        8


Dungeon Overview and Level Annotations

Branches:
Dungeon (6/15)              Sewer (visited)
 Temple: D:4-7

Altars:
Fedhas
Gozag
Kikubaaqudgha
Nemelex Xobeh
Qazlal
Ru
Sif Muna
Xom
Yredelemnul

Annotations:
D:5 Duvessa


Innate Abilities, Weirdness & Mutations

You are immune to poison.
Your flesh is cold resistant. (rC+)
You are immune to negative energy. (rN+++)
You are immune to unholy pain and torment.
You are vulnerable to heat. (rF-)
You are in touch with the powers of death.
You do not drink.
You have a special connection with the divine. (Faith)


Message History

Aim: Dowan, wielding a +0 dagger and wearing a +0 robe (severely wounded, chance to affect: 83%)
You feel a surge of power!
Dowan writhes in agony!
You kill Dowan!
Duvessa screams in rage.
Duvessa goes berserk!
The dead are walking!
Aiming: Mindburst
Press: ? - help, Shift-Dir - straight line, f - Duvessa
Aim: Duvessa, wielding a +0 short sword, wearing a +0 chain mail and carrying a wand of light (6) (berserk, ally target, chance to affect: 52%) Duvessa resists with significant effort.
Duvessa barely misses you.
Casting: Necrotise (safe; 1% risk of failure)
Confirm with . or Enter, or press ? or * to list all spells.
Aiming: Necrotise (safe; 1% risk of failure)
Press: ? - help, Shift-Dir - straight line, f/p - Duvessa
Aim: Duvessa, wielding a +0 short sword, wearing a +0 chain mail and carrying a wand of light (6) (berserk, ally target, chance to affect: 70%)
You feel a surge of power!
Duvessa writhes in agony.
Duvessa closely misses you.
Casting: Necrotise (safe; 1% risk of failure)
Confirm with . or Enter, or press ? or * to list all spells.
Aiming: Necrotise (safe; 1% risk of failure)
Press: ? - help, Shift-Dir - straight line, f/p - Duvessa
Aim: Duvessa, wielding a +0 short sword, wearing a +0 chain mail and carrying a wand of light (6) (lightly wounded, berserk, ally target, chance to affect: 70%)
You feel a surge of power!
Duvessa writhes in agony.
Duvessa hits you with a +0 short sword. Duvessa hits you with a +0 short sword!
Unknown command.
Casting: Necrotise (safe; 1% risk of failure)
Confirm with . or Enter, or press ? or * to list all spells.
Aiming: Necrotise (safe; 1% risk of failure)
Press: ? - help, Shift-Dir - straight line, f/p - Duvessa
Aim: Duvessa, wielding a +0 short sword, wearing a +0 chain mail and carrying a wand of light (6) (lightly wounded, berserk, ally target, chance to affect: 70%)
You feel a surge of power!
Duvessa struggles to resist.
Duvessa hits you with a +0 short sword! x2
* * * LOW HITPOINT WARNING * * *
Dowan hits Duvessa but does no damage.
Aiming: Mindburst
Press: ? - help, Shift-Dir - straight line, f/p - Duvessa
Aim: Duvessa, wielding a +0 short sword, wearing a +0 chain mail and carrying a wand of light (6) (lightly wounded, berserk, ally target, chance to affect: 52%) Duvessa resists with significant effort.
Duvessa hits you with a +0 short sword!
You die...

#.###........#.###### #.#
#.#.............# #.#
#.#.#......#.#..# #.#
#.#.#.#....#.#..#######.##
#........).#.##...........
###.#.#.#.................
...#.#.#Z##'###'######[..
#.. ..#.#e#..........##...
#. .. #.#@#..........#####
.. #.#.#..........# ###
#.#.##+###..########
#.#.#...............
#.#.#######..####### #.#.#
##.# ###. #.#.# #.## #...
#.#.# #..# #... #.#.#
##.###...


You could see Duvessa (berserk, ally target) and the friendly Dowan the elf
skeleton.

Vanquished Creatures
  Grinder (D:5)
  Sigmund (D:2)
  2 ogres
  A kobold brigand (D:6)
  A bullfrog (D:6)
  A scorpion (D:5)
  Dowan (D:5)
  4 hounds
  2 orc priests (D:4)
  3 iguanas
  3 orc wizards
  4 gnolls (D:5)
  10 adders
  2 white imps (D:6)
  An ufetubus (D:5)
  A worm (D:5)
  2 dart slugs
  11 orcs
  10 bats
  6 giant cockroaches
  6 goblins
  8 hobgoblins
  5 jackals
  4 quokkas
  6 ball pythons
  11 frilled lizards
  12 kobolds
  5 rats
124 creatures vanquished.

Vanquished Creatures (collateral kills)
  An ogre (D:6)
  A jelly (D:6)
  An orc (D:3)
  A goblin (D:1)
  A kobold (D:6)
  2 ball pythons
  A bat (D:2)
  A rat (D:1)
9 creatures vanquished.

Grand Total: 133 creatures vanquished

Notes
Turn   | Place    | Note
-------+----------+-------------------------------------------
     0 | D:1      | jtron the Mummy Necromancer began the quest for the Orb.
     0 | D:1      | Reached XP level 1. HP: 13/13 MP: 4/4
   208 | D:1      | Reached skill level 3 in Spellcasting
   261 | D:1      | Reached XP level 2. HP: 10/19 MP: 4/6
   846 | D:1      | Gained mutation: You are in touch with the powers of death.
                  | [Mummy growth]
   846 | D:1      | Reached XP level 3. HP: 24/24 MP: 1/7
  1268 | D:2      | Found a faded altar of an unknown god.
  1435 | D:2      | Noticed Sigmund
  1686 | D:2      | Killed Sigmund
  1687 | D:2      | Reached skill level 4 in Spellcasting
  1687 | D:2      | Reached skill level 5 in Necromancy
  1687 | D:2      | Reached XP level 4. HP: 10/31 MP: 4/10
  1687 | D:2      | Reached XP level 5. HP: 12/36 MP: 4/12
  2085 | D:3      | Reached skill level 5 in Spellcasting
  2103 | D:3      | Reached XP level 6. HP: 42/42 MP: 1/13
  2321 | D:3      | Found a glowing drain.
  2343 | Sewer    | Entered a sewer
  2396 | Sewer    | Noticed Pargi
  3104 | D:3      | Identified a scroll of acquirement
  3104 | D:3      | Acquired the amulet of the Ten Thickets {rElec Regen+}
  3189 | D:4      | Found an opulent altar of Gozag.
  3238 | D:4      | Found a basalt altar of Yredelemnul.
  3381 | D:4      | Found an ancient bone altar of Kikubaaqudgha.
  3385 | D:4      | Found a sacrificial altar of Ru.
  3389 | D:4      | Found a stormy altar of Qazlal.
  3390 | D:4      | Found a shimmering blue altar of Sif Muna.
  3393 | D:4      | Found a sparkling altar of Nemelex Xobeh.
  3757 | D:4      | Reached skill level 6 in Spellcasting
  3810 | D:4      | Reached XP level 7. HP: 47/47 MP: 10/16
  4341 | D:5      | Entered Level 5 of the Dungeon
  4391 | D:5      | Noticed Grinder
  4698 | D:5      | Found a blossoming altar of Fedhas.
  4951 | D:5      | Noticed Duvessa
  4955 | D:5      | Noticed Dowan
  5027 | D:6      | Reached skill level 1 in Fighting
  5027 | D:6      | Reached skill level 7 in Spellcasting
  5105 | D:6      | Found a shimmering altar of Xom.
  5443 | D:6      | Reached XP level 8. HP: 42/54 MP: 13/19
  5447 | D:6      | Learned a level 3 spell: Vampiric Draining
  5453 | D:6      | Learned a level 5 spell: Agony
  5461 | D:6      | Learned a level 7 spell: Haunt
  5700 | D:5      | Reached skill level 1 in Short Blades
  6308 | D:5      | Reached skill level 8 in Spellcasting
  6414 | D:5      | Killed Grinder
  6415 | D:5      | Reached skill level 1 in Summonings
  6415 | D:5      | Reached skill level 1 in Evocations
  6727 | D:5      | Killed Dowan
  6733 | D:5      | Mangled by Duvessa

Illustrated notes

Levels and vault maps discovered:
D:1:      dpeg_arrival_boxorama, layout_rooms, serial_forest,
          infiniplex_forest_3_way, infiniplex_forest_clump_tiny,
          infiniplex_forest_lined_3, infiniplex_forest_corner_2,
          infiniplex_forest_straight_1, infiniplex_forest_lined_corner,
          infiniplex_forest_corner_1, minmay_misc_feat_square
D:2:      minmay_inner_zag, layout_loops_cross, shapermc_ecumenical_altar_venn,
          hangedman_decor_riveting, uniq_sigmund
D:3:      layout_loops_ring, portal_sewer_entry_f, minivault_14,
          nicolae_concentric_dashed_squares_wild, minmay_pentangle
D:4:      layout_loops_corners, nicolae_overflow_hidden_temple, minitemple,
          grunt_gozag_statues
D:5:      layout_basic, fedhas_altar_1, saegor_snake_ambush, uniq_duvessa,
          uniq_grinder
D:6:      layout_basic, mainiacjoe_overflow_24_doors, elyvilon_altar_3

Skill      XL: |  1  2  3  4  5  6  7  8 |
---------------+-------------------------+-----
Spellcasting   | 3 4 5 6 7 8 |  8.4
Stealth        | 2 |  2.8
Necromancy     | 5 6 7 |  7.5
Dodging        | 2 |  2.3
Fighting       | 1 |  1.2
Short Blades   | 1 |  1.0
Summonings     | 1 |  1.3
Evocations     | 1 |  1.2
Throwing       | |  0.9

Action                     |  1- 3 |  4- 6 |  7- 9 || total
---------------------------+-------+-------+-------++-------
  Melee: Unarmed           |    14 |       |       ||    14
         Short sword       |    15 |    43 |       ||    58
         Club              |     4 |       |       ||     4
         Dagger            |       |     1 |    38 ||    39
         Punch             |       |     1 |     1 ||     2
  Throw: Stone             |     3 |     1 |       ||     4
         Dart              |       |       |     4 ||     4
   Cast: Necrotise         |    71 |    85 |   112 ||   268
  Evoke: Wand              |       |       |    11 ||    11
    Use: Scroll            |     1 |     2 |     5 ||     8
   Stab: Sleeping          |     3 |     6 |       ||     9
         Paralysed         |       |       |     1 ||     1
 Armour: Robe              |    23 |    12 |     6 ||    41
  Dodge: Dodged            |    56 |    48 |    60 ||   164
